 Dungeon Crawl Stone Soup version 0.28-a0-2-g643f2454ad (webtiles) character file.

Game seed: 4398735361000546544

2055 graki42 the Covert (level 9, -20/61 HPs)
             Began as an Octopode Brigand on July 22, 2021.
             Killed by an exploding orc wizard (31 damage)
             ... ignited by their inner flame
             ... on level 6 of the Dungeon.
             The game lasted 00:14:34 (4416 turns).

graki42 the Covert (Octopode Brigand)               Turns: 4416, Time: 00:14:34

Health: -20/61     AC:  5    Str: 10    XL:     9   Next: 25%
Magic:  12/13      EV: 19    Int: 15    God:
Gold:   301        SH:  0    Dex: 15    Spells: 12/14 levels left

rFire   . . .      SeeInvis .   s - +0 dagger (flame)
rCold   . . .      Faith    .   (no shield)
rNeg    + . .      Spirit   .   (helmet restricted)
rPois   .          Reflect  .   q - amulet of regeneration
rElec   .          Harm     .   o - +4 ring of protection
rCorr   .          Rampage  .   p - ring of positive energy
Will    .....                   v - +4 ring of evasion
Stlth   +++++.....              (no ring)
HPRegen 1.20/turn               (no ring)
MPRegen 0.13/turn               (no ring)
                                (no ring)
                                (no ring)

@: wereblooded
A: almost no armour, amphibious, 8 rings, camouflage 1, gelatinous body 1,
(nimble swimmer 1), tentacles
a: no special abilities


You were on level 6 of the Dungeon.
You visited 1 branch of the dungeon, and saw 6 of its levels.

You collected 301 gold pieces.

Inventory:

Hand Weapons
 a - a +2 dagger
 n - a +0 dagger of speed
 s - a +0 dagger of flaming (weapon)
Missiles
 b - 13 poisoned darts (quivered)
 c - a curare-tipped dart
 k - 54 sling bullets
Magical Staves
 h - a staff of conjuration
Jewellery
 o - a +4 ring of protection (left tentacle)
 p - a ring of positive energy (right tentacle)
 q - an amulet of regeneration (around mantle)
 v - a +4 ring of evasion (on tentacle)
Wands
 t - a wand of iceblast (7)
Scrolls
 d - 2 scrolls of holy word
 e - 2 scrolls of identify {unknown}
 f - 2 scrolls of immolation
 g - a scroll of fear
 m - a scroll of acquirement {unknown}
 w - 2 scrolls of teleportation {unknown}
 x - a scroll of magic mapping {unknown}
Potions
 i - a potion of curing {unknown}
 j - a potion of attraction {unknown}
 l - 3 potions of invisibility {unknown}
 r - a potion of haste {unknown}
 u - a potion of flight {unknown}
 z - a potion of heal wounds {unknown}
 A - a potion of resistance {unknown}


   Skills:
 + Level 5.0 Fighting
 + Level 5.0 Short Blades
 + Level 5.0 Throwing
 + Level 4.6 Dodging
 + Level 8.9 Stealth
 + Level 3.2 Spellcasting
 + Level 3.5 Transmutations


You had 12 spell levels left.
You knew the following spells:

 Your Spells              Type           Power      Damage    Failure   Level
a - Wereblood             Tmut           12%        N/A       7%          2

Your spell library contained the following spells:

 Spells                   Type           Power      Damage    Failure   Level
 Beastly Appendage        Tmut           24%        N/A       4%          1
 Spider Form              Tmut/Pois      3%         N/A       28%         3


Dungeon Overview and Level Annotations

Branches:
Dungeon (6/15)
 Temple: D:4-7

Altars:
Gozag
Nemelex Xobeh
Xom
The Shining One

Shops:
D:4 [


Innate Abilities, Weirdness & Mutations

You cannot wear most types of armour.
You are amphibious.
You can wear up to eight rings at the same time.
Your skin changes colour to match your surroundings (Stealth+).
Your rubbery body absorbs attacks. (AC +1, EV +1)
((You are camouflaged near water. (Stealth+)))
You have tentacles for arms and can constrict up to eight enemies at once.


Message History

Unknown command.
The orc priest misses you.
The orc shouts!
The orc priest miscasts a cantrip.
The orc priest hits you with a +0 flail.
The orc wizard closely misses you.
The orc priest mumbles some strange prayers to Beogh against you.
Beogh smites you! The centaur zombie closely misses you.
The centaur zombie kicks you but does no damage.
The orc priest calls down the wrath of Beogh upon you.
Beogh smites you!
The orc wizard hits you with a +0 dagger.
Throw: 14 darts (poison)
Press: ? - help, Q - select action, (/) - cycle Shift-Dir - straight line, f - orc
Aim: an orc, wielding a +0 club (inner flame, 63% to hit)
You throw a poisoned dart. The poisoned dart hits the orc!
The orc is poisoned.
You hear some strange, mumbled words.
A puff of flame appears from out of thin air!
The puff of flame misses you.
Flame seeps out of the orc.
The orc is engulfed in blazing flames.
You feel a bit better.
The orc explodes!
The fiery explosion engulfs the orc priest!!
The fiery explosion engulfs the orc wizard!!
You feel a bit better.
The fiery explosion engulfs the orc priest!!
The fiery explosion engulfs you!!
* * * LOW HITPOINT WARNING * * *
The orc priest explodes!
The fiery explosion engulfs something!!!
Reactivating autopickup.
You feel a bit more experienced.
The fiery explosion engulfs the orc!!!
The orc explodes!
The fiery explosion engulfs the orc!!
The orc explodes!
The orc wizard explodes!
The fiery explosion engulfs the orc!
The orc explodes!
The orc wizard explodes!
The fiery explosion engulfs you!!
Ouch! That really hurt!
You die...

.....#.#.....#....#
.....#.#.....'....#
.....#.#.....#....#
.....#.#.....'.§§.#
.....#.#....§#§§§.#
######†#....§§§)§Z+
#.#.....#§§§§#
####.#.....#§○§§#
#....#.... +§§@§#
#.##########....#
#.##.......'....#
#....#######....#
###### #....#
#####..# ..# ....
..#


You could see a centaur zombie (inner flame).

Vanquished Creatures
  A two-headed ogre (D:5)
  A hornet (D:5)
  A black bear (D:5)
  A water moccasin (D:6)
  2 ice beasts (D:5)
  A necrophage (D:4)
  An ogre (D:4)
  A centaur (D:5)
  A phantom (D:5)
  A gnoll sergeant (D:5)
  3 orc priests
  2 bullfrog skeletons (D:5)
  2 hounds (D:4)
  A jelly (D:5)
  A scorpion zombie (D:5)
  Natasha (D:2)
  3 iguanas
  3 orc wizards
  5 gnolls (D:5)
  5 adders
  2 adder skeletons
  3 dart slugs
  9 orcs
  2 endoplasms (D:1)
  A giant cockroach (D:1)
  6 goblins
  6 hobgoblins
  6 jackals
  6 kobolds
  2 quokkas
  5 ball pythons
  4 bats (D:1)
  2 frilled lizards (D:1)
  2 rats (D:1)
93 creatures vanquished.

Notes
Turn   | Place    | Note
-------+----------+-------------------------------------------
     0 | D:1      | graki42 the Octopode Brigand began the quest for the Orb.
     0 | D:1      | Reached XP level 1. HP: 14/14 MP: 1/1
   163 | D:1      | Reached XP level 2. HP: 19/19 MP: 2/2
   472 | D:1      | Reached skill level 6 in Stealth
   536 | D:1      | Reached XP level 3. HP: 24/24 MP: 3/3
  1238 | D:2      | Reached XP level 4. HP: 30/30 MP: 4/4
  1281 | D:2      | Noticed Natasha
  1287 | D:2      | Killed Natasha
  1738 | D:3      | Found a faded altar of an unknown god.
  1959 | D:3      | Found an opulent altar of Gozag.
  1977 | D:3      | Found a shimmering altar of Xom.
  2414 | D:3      | Reached XP level 5. HP: 36/36 MP: 5/5
  2554 | D:4      | Noticed an ogre
  2583 | D:4      | Killed an ogre
  2584 | D:4      | Reached XP level 6. HP: 29/42 MP: 6/6
  2686 | D:4      | Learned a level 2 spell: Wereblood
  2790 | D:4      | Found a sparkling altar of Nemelex Xobeh.
  2978 | D:4      | Noticed a necrophage
  2988 | D:4      | Killed a necrophage
  2989 | D:4      | Reached skill level 7 in Stealth
  2996 | D:4      | Found Afaujist's Armour Shop.
  3010 | D:4      | Reached XP level 7. HP: 43/46 MP: 6/8
  3312 | D:5      | Entered Level 5 of the Dungeon
  3382 | D:5      | Reached skill level 1 in Spellcasting
  3382 | D:5      | Reached skill level 1 in Transmutations
  3656 | D:5      | Reached XP level 8. HP: 45/54 MP: 10/10
  3874 | D:5      | Found a glowing golden altar of the Shining One.
  3876 | D:5      | Noticed a two-headed ogre
  3877 | D:5      | Noticed a hornet
  3894 | D:5      | Killed a hornet
  3895 | D:5      | Reached skill level 8 in Stealth
  3932 | D:5      | Killed a two-headed ogre
  3933 | D:5      | Reached XP level 9. HP: 60/60 MP: 11/13
  4355 | D:6      | Reached skill level 5 in Fighting
  4377 | D:6      | Reached skill level 5 in Short Blades
  4377 | D:6      | Reached skill level 5 in Throwing
  4416 | D:6      | Killed by an exploding orc wizard... ignited by their inner
                  | flame

Illustrated notes

Levels and vault maps discovered:
D:1:      dpeg_arrival_three_same_balls, layout_rooms
D:2:      layout_rooms, minmay_misc_feat_four_crosses, uniq_natasha
D:3:      layout_loops_corners, old_standard_altar, lemuel_crystal_altar,
          shapermc_ecumenical_altar_starsandcircs, minivault_5
D:4:      layout_cave_pods, nemelex_spade_bored_becter, serial_shops,
          nicolae_shop_crystal, hangedman_minor_gate_pass
D:5:      layout_basic, mainiacjoe_overflow_alcove_4, st_stairs_4,
          grunt_decor_fettered, lightli_minifort
D:6:      layout_basic, nicolae_overflow_crystal_walls,
          minmay_temple_entry_overgrown, gammafunk_ghost_grave

Skill      XL: |  1  2  3  4  5  6  7  8  9 |
---------------+----------------------------+-----
Stealth        | 6 7 8 |  8.9
Dodging        | 2 3 4 |  4.6
Fighting       | 3 4 5 |  5.0
Short Blades   | 3 4 5 |  5.0
Throwing       | 3 4 5 |  5.0
Spellcasting   | 1 3 |  3.2
Transmutations | 2 3 |  3.5

Action                   |  1- 3 |  4- 6 |  7- 9 || total
-------------------------+-------+-------+-------++-------
Melee: Dagger            |    58 |    78 |   101 ||   237
       Constrict         |    12 |    17 |    12 ||    41
       Tentacles         |     9 |    15 |    23 ||    47
Throw: Dart              |       |     4 |    13 ||    17
 Cast: Wereblood         |       |       |     3 ||     3
  Use: Scroll            |       |       |     4 ||     4
 Stab: Sleeping          |    13 |     5 |    12 ||    30
       Distracted        |       |     1 |       ||     1
Armor: Skin              |     8 |    14 |    18 ||    40
Dodge: Dodged            |    46 |    49 |    77 ||   172

Table legend: (Time is in decaauts)
 A = Elapsed time spent in this place.
 B = Non-inter-level travel time spent in this place.
 C = Inter-level travel time spent in this place.
 D = Time resting spent in this place.
 E = Time spent auto-exploring this place.
 F = Levels seen in this place.
 G = Mean time per level.
                   A        B        C        D        E       F      G
               +--------+--------+--------+--------+--------+-----+--------+
         Total |   4374 |   4276 |     98 |    356 |   3179 |   6 |  729.0 |
       Dungeon |   4374 |   4276 |     98 |    356 |   3179 |   6 |  729.0 |
               +--------+--------+--------+--------+--------+-----+--------+

Top non-repeatable levels by time:
     D:5: 1017 daAuts
     D:2: 848 daAuts
     D:1: 845 daAuts
     D:3: 821 daAuts
     D:4: 775 daAuts
     D:6: 65 daAuts
